AoeStats
← TM Caesar

Runestones

508093174Analyzed
1v1 RM · 13d ago on Sep 20, 2026· 71m 17s· 2 players
Game mode
Random Map
Map size
Tiny (2 player)
Population
200
Speed
Normal
Resources
Standard
Victory
Conquest
Starting age
Dark Age
Ending age
Imperial Age
RankedLock teamsTeams togetherTeam positionsShared explorationLock speedFull tech treeHidden civsTurbo modeCheats
Victory
Defeat
🇦🇷 Chinese · Argentina
1643
+14
🇨🇱 Romans · Chile
1607
-14
AiM | Maggick
6:29 Loom
9:05 Feudal Age
9:18 Man-at-Arms
10:00 Double-Bit Axe
15:31 Fletching
15:42 Padded Archer Armor
18:00 Wheelbarrow
18:02 Scale Mail Armor
24:10 Castle Age
21:54 Horse Collar
22:24 Gold Mining
23:11 Scale Barding Armor
23:45 Forging
24:06 Bloodlines
25:10 Bow Saw
27:09 Husbandry
27:19 Squires
30:28 Chain Barding Armor
30:41 Pikeman
30:51 Light Cavalry
33:59 Chain Mail Armor
36:11 Iron Casting
36:53 Hand Cart
37:23 Long Swordsman
39:21 Gold Shaft Mining
44:08 Imperial Age
42:49 Stone Mining
43:08 Bodkin Arrow
44:10 Halberdier
44:19 Legionary
45:34 Conscription
45:25 Heavy Plow
47:00 Blast Furnace
49:18 Padded Archer Armor
50:20 Chemistry
49:42 Elite Skirmisher
50:38 Leather Archer Armor
50:49 Ballistics
52:06 Ring Archer Armor
52:58 Comitatenses
62:38 Capped Ram
65:07 Siege Ram
70:02 Plate Barding Armor
69:33 Cavalier
TM Caesar
0:30 Loom
9:07 Feudal Age
9:53 Double-Bit Axe
16:13 Fletching
22:24 Castle Age
20:47 Scale Barding Armor
21:22 Bloodlines
24:30 Wheelbarrow
29:18 Husbandry
31:58 Chain Barding Armor
31:25 Horse Collar
32:38 Bow Saw
33:07 Forging
33:25 Devotion
33:52 Scale Mail Armor
34:55 Squires
36:07 Iron Casting
36:33 Chain Mail Armor
36:40 Gold Mining
37:27 Hand Cart
37:08 Town Watch
40:43 Imperial Age
38:07 Crossbowman
39:11 Bodkin Arrow
39:26 Heavy Plow
42:27 Blast Furnace
40:49 Cavalier
40:55 Elite Fire Lancer
43:03 Plate Barding Armor
43:02 Bracer
43:46 Conscription
43:04 Arbalester
43:51 Thumb Ring
45:29 Plate Mail Armor
46:30 Ballistics
47:20 Chemistry
47:15 Masonry
47:04 Murder Holes
48:48 Arbalester
49:55 Masonry
50:00 Stone Mining
50:13 Padded Archer Armor
51:33 Architecture
52:16 Light Cavalry
53:30 Leather Archer Armor
54:47 Elite Chu Ko Nu
56:28 Ring Archer Armor
62:32 Heavy Scorpion
62:58 Capped Ram
64:12 Siege Ram
Connection lost

Rejoining the realm…

Still unreachable

The connection could not be restored.

Session expired

The server has moved on; the page needs a fresh start.